 Dungeon Sprint DCSS version 0.29-a0-409-gd843f3a48c (webtiles) character file.

Game seed: 15783347130262189111

3600000 Zeld the Conqueror (level 18, -93/200 HPs)
             Began as a Minotaur Fighter on May 14, 2022.
             Was a High Priest of Makhleb.
             Annihilated by a destroyer
             ... wielding a +9 vorpal great sword
              (182 damage)
             ... in the Dungeon (Sprint VIII: "Arena of Blood").
             The game lasted 00:00:35 (36 turns).

Zeld the Conqueror (Minotaur Fighter)                 Turns: 36, Time: 00:00:36

Health: -93/200    AC: 13    Str: 28    XL:     18   Next: 32%
Magic:  16/25      EV: 14    Int:  5    God:    Makhleb [*****.]
Gold:   0          SH:  0    Dex: 11    Spells: 28/28 levels left

rFire   . . .      SeeInvis .   j - +∞ Axe of Woe
rCold   . . .      Faith    .   (shield currently unavailable)
rNeg    . . .      Spirit   .   a - +0 scale mail
rPois   .          Reflect  .   (helmet restricted)
rElec   .          Harm     .   (no cloak)
rCorr   .          Rampage  .   (no gloves)
Will    +....      NoTele   +   (no boots)
Stlth   ++........              (no amulet)
HPRegen 0.43/turn               (no ring)
MPRegen 0.19/turn               (no ring)

@: no status effects
A: horns 2, retaliatory headbutt
a: Renounce Religion, Minor Destruction, Lesser Servant of Makhleb, Major
Destruction, Greater Servant of Makhleb


You were in the Dungeon.
You worshipped Makhleb.
Makhleb was extremely pleased with you.
You visited 1 branch

Inventory:

Hand Weapons
 j - the +∞ Axe of Woe (weapon)
   (You found it in the Dungeon)
Armour
 a - a +0 scale mail (worn)
 b - a +0 buckler
Scrolls
 i - a scroll of blinking
Potions
 c - a potion of might
 d - a potion of curing
 e - a potion of heal wounds
 f - a potion of haste
 g - 2 potions of magic
 h - a potion of berserk rage


   Skills:
 O Level 27 Fighting
 + Level 8.8(10.4) Short Blades
 + Level 9.5(11.3) Long Blades
 O Level 27 Axes
 + Level 9.5(20.7) Maces & Flails
 + Level 9.6(20.7) Polearms
 + Level 9.6(12.7) Staves
 + Level 8.8(10.4) Slings
 + Level 8.7 Bows
 + Level 8.7 Crossbows
 + Level 8.0(9.5) Throwing
 O Level 27 Armour
 + Level 8.7 Dodging
 + Level 7.3 Stealth
 O Level 27 Shields
 O Level 27 Unarmed Combat
 + Level 5.5 Spellcasting
 + Level 6.0 Conjurations
 + Level 5.5 Hexes
 + Level 6.0 Summonings
 + Level 6.0 Necromancy
 + Level 6.0 Translocations
 + Level 6.6 Transmutations
 + Level 6.0 Fire Magic
 + Level 6.0 Ice Magic
 + Level 6.0 Air Magic
 + Level 6.6 Earth Magic
 + Level 6.0 Poison Magic
 + Level 8.0 Invocations
 + Level 7.3 Evocations


You had 28 spell levels left.
You didn't know any spells.
Your spell library was empty.

Dungeon Overview and Level Annotations

Branches:
Dungeon (1/1)

Altars:
Makhleb


Innate Abilities, Weirdness & Mutations

You have a pair of horns on your head.
You reflexively headbutt those who attack you in melee.


Message History

You have reached level 18!
Unknown command.
You cut the bag of meat into ribbons!!!
You cleave the bag of meat in twain.
You kill the bag of meat!
Makhleb accepts your kill.
You feel better.
You are engulfed in blazing flames.
You hear a shout! x6
Your base Throwing skill increases to level 8!
Your Conjurations skill increases to level 6!
Your Summonings skill increases to level 6!
Your Necromancy skill increases to level 6!
Your Translocations skill increases to level 6!
Your Fire Magic skill increases to level 6!
Your Ice Magic skill increases to level 6!
Your Air Magic skill increases to level 6!
Your Poison Magic skill increases to level 6!
Your Invocations skill increases to level 8!
A bag of meat and a sculptor of flesh come into view.
The bag of meat shouts!
You hear a shout! x8
The meat berserker is engulfed in blazing flames.
The meat berserker rages.
You hear a shout!
A large bag of meat comes into view. It is wielding a +9 giant spiked club.
You hear a shout! x2
A sculptor of flesh comes into view. It is wielding a +9 great sword.
The destroyer points at you and mumbles some strange words.
The destroyer blinks!
You hear a shout! x2
The bag of meat moves out of view.
The sculptor of flesh moves out of view.
A destroyer comes into view. It is wielding a +9 vorpal great sword.
Unknown command.
A bag of meat comes into view. It is wielding a +9 war axe.
The bag of meat shouts!
You hear two shouts! x2; You hear a shout! x7
The meat berserker is engulfed in blazing flames.
The meat berserker hits you with a +9 battleaxe!!!!
The destroyer is engulfed in blazing flames.
The destroyer hits you with a +9 vorpal great sword!!!!!
Ouch! That really hurt!
You die...

.V .... ... ...
#o. ..# . #..
o.# . ..###..
..###..
......###o......
......._§§§.....
#...§)# .
#_@O§§# .
....#.oV)§#....
......._§§.....
......###......
..###.. ..###..
. #.z ..# . #..
..# ... ... ..
..


You could see a destroyer, a sculptor of flesh (wandering), a meat berserker
(berserk) and 3 bags of meat.

Vanquished Creatures
  A vampire knight (D)
  8 ogres (D)
  2 two-headed ogres (D)
  10 orcs (D)
21 creatures vanquished.

Notes
Turn   | Place    | Note
-------+----------+-------------------------------------------
     0 | D        | Found the +∞ Axe of Woe
     0 | D        | Zeld the Minotaur Fighter began the quest for the Orb.
     0 | D        | Reached XP level 1. HP: 19/19 MP: 0/0
     1 | D        | Noticed a bag of meat
     2 | D        | Noticed a bag of meat
     2 | D        | Noticed a bag of meat
     3 | D        | Noticed a bag of meat
     4 | D        | Noticed a bag of meat
     5 | D        | Noticed a bag of meat
     9 | D        | Became a worshipper of Makhleb the Destroyer
     9 | D        | Noticed a bag of meat
    11 | D        | Killed a bag of meat
    11 | D        | Noticed a meat berserker
    11 | D        | Noticed a meat berserker
    12 | D        | Reached XP level 2. HP: 26/51 MP: 1/1
    12 | D        | Reached XP level 3. HP: 29/58 MP: 2/2
    12 | D        | Reached XP level 4. HP: 33/66 MP: 3/3
    12 | D        | Reached XP level 5. HP: 37/73 MP: 4/4
    12 | D        | Reached XP level 6. HP: 41/81 MP: 5/5
    12 | D        | Reached XP level 7. HP: 44/88 MP: 6/6
    12 | D        | Reached XP level 8. HP: 48/95 MP: 7/7
    12 | D        | Reached XP level 9. HP: 52/103 MP: 8/8
    12 | D        | Reached XP level 10. HP: 56/111 MP: 9/9
    12 | D        | Killed a bag of meat
    12 | D        | Reached * piety under Makhleb
    12 | D        | Killed a bag of meat
    12 | D        | Killed a bag of meat
    13 | D        | Reached skill level 10 in Unarmed Combat
    13 | D        | Reached XP level 11. HP: 84/130 MP: 10/10
    13 | D        | Reached XP level 12. HP: 90/139 MP: 11/11
    13 | D        | Reached XP level 13. HP: 95/147 MP: 12/12
    13 | D        | Killed a bag of meat
    13 | D        | Reached ** piety under Makhleb
    13 | D        | Killed a meat berserker
    13 | D        | Killed a bag of meat
    14 | D        | Reached XP level 14. HP: 108/166 MP: 13/13
    14 | D        | Killed a bag of meat
    14 | D        | Reached *** piety under Makhleb
    15 | D        | Reached skill level 27 in Fighting
    15 | D        | Reached skill level 15 in Axes
    15 | D        | Killed a meat berserker
    15 | D        | Noticed a meat berserker
    16 | D        | Reached skill level 27 in Armour
    16 | D        | Reached skill level 27 in Shields
    16 | D        | Reached XP level 15. HP: 141/174 MP: 14/14
    16 | D        | Noticed a meat berserker
    18 | D        | Killed a meat berserker
    18 | D        | Noticed a meat berserker
    18 | D        | Noticed a meat berserker
    19 | D        | Reached skill level 15 in Unarmed Combat
    21 | D        | Killed a meat berserker
    21 | D        | Reached **** piety under Makhleb
    22 | D        | Reached skill level 27 in Axes
    22 | D        | Noticed a large bag of meat
    22 | D        | Noticed a meat berserker
    23 | D        | Killed a meat berserker
    24 | D        | Reached XP level 16. HP: 183/183 MP: 15/15
    24 | D        | Killed a meat berserker
    25 | D        | Reached skill level 27 in Unarmed Combat
    25 | D        | Noticed a large bag of meat
    26 | D        | Killed a meat berserker
    26 | D        | Reached ***** piety under Makhleb
    26 | D        | Noticed a destroyer
    28 | D        | Killed a destroyer
    28 | D        | Noticed a meat berserker
    29 | D        | Reached skill level 5 in Short Blades
    29 | D        | Reached skill level 5 in Slings
    29 | D        | Reached skill level 5 in Bows
    29 | D        | Reached skill level 5 in Crossbows
    29 | D        | Reached skill level 5 in Throwing
    29 | D        | Reached skill level 5 in Dodging
    29 | D        | Reached skill level 5 in Invocations
    29 | D        | Reached XP level 17. HP: 191/191 MP: 15/21
    30 | D        | Reached skill level 5 in Stealth
    30 | D        | Reached skill level 5 in Evocations
    30 | D        | Killed a large bag of meat
    30 | D        | Noticed a meat berserker
    31 | D        | Reached skill level 5 in Transmutations
    31 | D        | Reached skill level 5 in Earth Magic
    32 | D        | Killed a large bag of meat
    33 | D        | Reached skill level 5 in Conjurations
    33 | D        | Reached skill level 5 in Summonings
    33 | D        | Reached skill level 5 in Necromancy
    33 | D        | Reached skill level 5 in Translocations
    33 | D        | Reached skill level 5 in Fire Magic
    33 | D        | Reached skill level 5 in Ice Magic
    33 | D        | Reached skill level 5 in Air Magic
    33 | D        | Reached skill level 5 in Poison Magic
    33 | D        | Killed a meat berserker
    33 | D        | Noticed a destroyer
    34 | D        | Reached skill level 5 in Spellcasting
    34 | D        | Reached skill level 5 in Hexes
    34 | D        | Reached XP level 18. HP: 164/200 MP: 15/24
    35 | D        | Noticed a sculptor of flesh
    35 | D        | Noticed a large bag of meat
    35 | D        | Noticed a sculptor of flesh
    36 | D        | Noticed a destroyer
    36 | D        | Annihilated by a destroyer

Illustrated notes

Levels and vault maps discovered:
D:        meatsprint

Skill      XL: |  1  2  3  4  5  6  7  8  9 10 11 12 13 14 15 16 17 18 |
---------------+-------------------------------------------------------+-----
Fighting       | 17 22 26 27 | 27.0
Axes           | 4 9 14 18 27 | 27.0
Armour         | 17 22 24 27 | 27.0
Shields        | 17 22 25 27 | 27.0
Unarmed Combat | 8 10 12 13 23 27 | 27.0
Short Blades   | 5 8 |  8.8
Long Blades    | 6 9 |  9.5
Maces & Flails | 6 9 |  9.5
Polearms       | 6 9 |  9.6
Staves         | 6 9 |  9.6
Slings         | 5 8 |  8.8
Bows           | 5 8 |  8.7
Crossbows      | 5 8 |  8.7
Throwing       | 5 7 8 |  8.0
Dodging        | 5 8 |  8.7
Stealth        | 4 7 |  7.3
Spellcasting   | 3 5 |  5.5
Conjurations   | 3 5 6 |  6.0
Hexes          | 3 5 |  5.5
Summonings     | 3 5 6 |  6.0
Necromancy     | 3 5 6 |  6.0
Translocations | 3 5 6 |  6.0
Transmutations | 4 6 |  6.6
Fire Magic     | 3 5 6 |  6.0
Ice Magic      | 3 5 6 |  6.0
Air Magic      | 3 5 6 |  6.0
Earth Magic    | 4 6 |  6.6
Poison Magic   | 3 5 6 |  6.0
Invocations    | 5 7 8 |  8.0
Evocations     | 4 7 |  7.3

Action                   |  1- 3 |  4- 6 |  7- 9 | 10-12 | 13-15 | 16-18 || total
-------------------------+-------+-------+-------+-------+-------+-------++-------
Melee: Executioner's axe |     1 |       |       |     1 |     6 |     8 ||    16
Armor: Scale mail        |       |       |       |     1 |       |       ||     1

Table legend: (Time is in decaauts)
 A = Elapsed time spent in this place.
 B = Non-inter-level travel time spent in this place.
 C = Inter-level travel time spent in this place.
 D = Time resting spent in this place.
 E = Time spent auto-exploring this place.
 F = Levels seen in this place.
 G = Mean time per level.
                   A        B        C        D        E       F      G
               +--------+--------+--------+--------+--------+-----+--------+
         Total |     34 |     34 |      0 |      0 |      0 |   1 |   34.0 |
       Dungeon |     34 |     34 |      0 |      0 |      0 |   1 |   34.0 |
               +--------+--------+--------+--------+--------+-----+--------+

Top non-repeatable levels by time:
       D: 34 daAuts
